 Dungeon Crawl Stone Soup version 0.32-a0-360-gcd93b57ba1 (webtiles) character file.

Game seed: 13905359696715216053

161 ketsa the Chopper (level 5, 0/57 HPs)
             Began as a Coglin Gladiator on Feb 18, 2024.
             Succumbed to an adder's poison
             ... on level 4 of the Dungeon.
             The game lasted 00:07:13 (2609 turns).

ketsa the Chopper (Coglin Gladiator)                Turns: 2609, Time: 00:07:14

Health: 0/57       AC: 22    Str: 16    XL:     5   Next: 42%
Magic:  5/5        EV:  2    Int:  8    God:
Gold:   89         SH:  0    Dex: 15    Spells: 4/4 levels left

rFire   . . .        a - +0 war axe {Sanele}
rCold   . . .        (no shield)
rNeg    . . .        b - melded +0 leather armour
rPois   +            c - melded +0 helmet
rElec   .            (cloak currently unavailable)
rCorr   .            (gloves currently unavailable)
SInv    .            (boots currently unavailable)
Will    .....        (no amulet)
Stlth   +            (no ring)
HPRegen 0.29/turn    (no ring)
MPRegen 0.09/turn

%: no passive effects
@: brilliant, lethally poisoned (0 -> -1), tree-form (expiring)
A: stationary, stasis, torment immunity, boosted hp, (off-hand wielding), (slow
wielding), (warmup strikes), (warmup strides)
a: no special abilities


You were on level 4 of the Dungeon.
You were a tree.
You visited 1 branch of the dungeon, and saw 4 of its levels.

You collected 89 gold pieces.

Inventory:

Hand Weapons
 a - a +0 war axe (weapon) {Sanele}
 f - a +0 sling
Missiles
 d - 3 throwing nets
 e - a javelin
 l - 11 poisoned darts (quivered)
Armour
 b - a +0 leather armour (melded)
 c - a +0 helmet (melded)
 m - a +0 scale mail
 q - a +0 scale mail
Scrolls
 g - a scroll of torment {unknown}
 h - a scroll of identify
 i - a scroll of immolation {unknown}
 j - 2 scrolls of teleportation {unknown}
 o - a scroll of fog {unknown}
 p - a scroll of blinking {unknown}
 r - 2 scrolls of poison
 s - a scroll of enchant weapon {unknown}
 u - a scroll of fear {unknown}
Potions
 k - a potion of magic


   Skills:
 - Level 2.0 Fighting
 * Level 5.1 Axes
 - Level 1.7 Throwing
 + Level 3.8 Dodging


You had 4 spell levels left.
You didn't know any spells.
Your spell library contained the following spells:

 Spells                   Type           Power      Damage    Failure   Level
 Jinxbite                 Hex            0%         N/A       54%         2
 Yara's Violent Unravell  Hex/Alch       0%         3d3       100%        5
 Enfeeble                 Hex            0%         N/A       100%        7
 Malign Gateway           Summ/Tloc      0%         N/A       100%        7
 Summon Horrible Things   Summ           0%         N/A       100%        8


Dungeon Overview and Level Annotations

Branches:
Dungeon (4/15)
 Temple: D:4-7

Altars:

Shops:
D:3 *


Innate Abilities, Weirdness & Mutations

You are a tree.
Your roots penetrate the ground, keeping you stationary.
You cannot be teleported.
You are immune to unholy pain and torment.
Your maximum health is greatly increased.
Your equipment is partially melded.
((You can wield a second weapon in your off-hand.))
((It takes a long time for you to wield or remove held weapons.))
((Your first few attacks do less damage.))
((Your first movements take longer.))


Message History

The adder poisons you!
You barely miss the adder.
The adder is almost dead.
You barely miss the orc.
* * * LOW HITPOINT WARNING * * *
You feel very sick. The adder bites you but does no damage.
The orc hits you with a +0 mace.
* * * LOW HITPOINT WARNING * * *
The orc hits you but does no damage.
You slash the adder!
You kill the adder!
You slash the orc!
You kill the orc!
* * * LOW HITPOINT WARNING * * *
You feel sick. The orc hits you but does no damage.
You barely miss the orc.
* * * LOW HITPOINT WARNING * * *
You feel sick.
The orc throws a boomerang.
The boomerang hits you but does no damage.
The orc hits you but does no damage. x2
You hit the orc.
The orc is severely wounded.
You closely miss the orc.
* * * LOW HITPOINT WARNING * * *
You feel sick. The orc hits you but does no damage. The orc barely misses you.
The orc hits you but does no damage.
It was a potion of brilliance.
You feel clever all of a sudden.
Your transformation is almost over.
* * * LOW HITPOINT WARNING * * *
You feel sick. The orc hits you but does no damage. x3
Okay, then.
You slash the orc!
You kill the orc!
You barely miss the orc.
* * * LOW HITPOINT WARNING * * *
You feel sick. The orc hits you but does no damage. x2
Okay, then.
The air fills with toxic fumes!
As you read the scroll of poison, it crumbles to dust.
You die...

###### #§§§§# ##### #§§§§#
######### ...§§. #§§§§#
#........ ...§§§#####§§§§#
#........ ...§§§§§§§§§§§§#
#<..>.... .....§§§§§o§§§§##
#........
....$.##§§§§§§§§###........
.....oo..#♣o§§§§§###).#####
......)###§§§§§§§###..#
....... ##§§§§§§§##..##
#........§§§§§§§##..##
#........§§§§§§§§§...###
##......§§§§§§§§§§.....#
#...#...§§§§§§§§§§.#####
.......#§§§§§§§§§§.#
#..#......###


You could see 2 orcs.

Vanquished Creatures
  3 adders
  A dart slug (D:1)
  8 orcs
  An endoplasm (D:1)
  3 giant cockroaches (D:2)
  7 goblins
  8 hobgoblins
  A quokka (D:1)
  10 ball pythons
  A ball python skeleton (D:3)
  2 ball python zombies (D:3)
  3 bats
  15 frilled lizards
  5 kobolds
  4 rats
72 creatures vanquished.

Notes
Turn   | Place    | Note
-------+----------+-------------------------------------------
     0 | D:1      | ketsa the Coglin Gladiator began the quest for the Orb.
     0 | D:1      | Reached XP level 1. HP: 16/16 MP: 1/1
   143 | D:1      | Reached XP level 2. HP: 22/22 MP: 2/2
   485 | D:1      | Reached XP level 3. HP: 27/27 MP: 3/3
   848 | D:2      | Reached skill level 4 in Axes
  1186 | D:2      | Reached XP level 4. HP: 30/33 MP: 4/4
  1900 | D:3      | Found Suisoesh's General Store.
  2278 | D:3      | Reached XP level 5. HP: 38/38 MP: 5/5
  2600 | D:4      | Reached skill level 5 in Axes
  2608 | D:4      | HP: 1/57 [poisoned by an adder]
  2609 | D:4      | Succumbed to an adder's poison

Illustrated notes

Levels and vault maps discovered:
D:1:      hellmonk_arrival_library, layout_loops_ring
D:2:      layout_basic, minmay_lizard_king
D:3:      layout_basic, serial_undead, serial_undead_f, serial_undead_d,
          serial_undead_e, serial_undead_b, serial_undead_e, serial_undead_c,
          serial_undead_b, serial_shops, shop
D:4:      layout_rooms

Skill      XL: |  1  2  3  4  5 |
---------------+----------------+-----
Dodging        | 3 |  3.8
Axes           | 4 5 |  5.1
Fighting       | |  2.0
Throwing       | |  1.7

Action                     |  1- 3 |  4- 6 || total
---------------------------+-------+-------++-------
  Melee: War axe           |    88 |    90 ||   178
  Throw: Stone             |     2 |       ||     2
         Throwing net      |     1 |       ||     1
    Use: Scroll            |       |     5 ||     5
         Potion            |       |     2 ||     2
   Stab: Sleeping          |     1 |     2 ||     3
 Armour: Leather armour    |    51 |    49 ||   100
         Skin              |       |    46 ||    46
  Dodge: Dodged            |    57 |    65 ||   122

Table legend: (Time is in decaauts)
 A = Elapsed time spent in this place.
 B = Non-inter-level travel time spent in this place.
 C = Inter-level travel time spent in this place.
 D = Time resting spent in this place.
 E = Time spent auto-exploring this place.
 F = Levels seen in this place.
 G = Mean time per level.
                   A        B        C        D        E       F      G
               +--------+--------+--------+--------+--------+-----+--------+
         Total |   2770 |   2668 |    102 |    178 |   1718 |   4 |  692.5 |
       Dungeon |   2770 |   2668 |    102 |    178 |   1718 |   4 |  692.5 |
               +--------+--------+--------+--------+--------+-----+--------+

Top non-repeatable levels by time:
     D:2: 1069 daAuts
     D:1: 907 daAuts
     D:3: 707 daAuts
     D:4: 86 daAuts
